[Event "*** Titled Tuesday Blitz"]
[Site "Chess.com"]
[Date "2019.03.05"]
[Round "9"]
[White "Babas"]
[Black "Hieronymus00"]
[Result "1/2-1/2"]
[WhiteElo "2270"]
[BlackElo "2215"]
[TimeControl "180+2"]
[EndTime "15:13:31 PST"]
[Termination "Game drawn by agreement"]

1. d4 Nf6 2. Nf3 g6 3. Bf4 Bg7 4. Nc3 O-O 5. e4 d6 6. e5 dxe5 7. dxe5 Qxd1+ 8. Rxd1 Nh5 9. Bg5 Nc6 10. Bb5 Nxe5 11.
Nxe5 Bxe5 12. Bxe7 Bg4 13. Bxf8 Bxd1 14. Nxd1 Kxf8 15. g3 c6 16. Bd3 Re8 17. Kd2 Nf6 18. Re1 Ng4 19. f4 Bd4 20. Rxe8+ Kxe8 21. c3 Bg1 22. h3 Nf6 23. g4 Nd5 24. f5 Nf4 25. fxg6 fxg6 26. Bf1 Nd5 27. a3 Ke7 28. c4 Nf4 29.
Ne3 Kd6 30. b4 Ke5 31. Nd1 Kd4 32. Nc3 Be3+ 33. Kc2 Bg1 34. Ne2+ Nxe2 35. Bxe2 Ke3 36. Bd1 g5 37. Kc3 h6 38. Bc2 Kf3 39. Bg6 Kg3 40.
Bh5 Kxh3 41. Kb3 Kg3 42. a4 Kf4 43. b5 Ke4 44. a5 cxb5 45. cxb5 Kd5 46. a6 bxa6 47.
bxa6 Kc6 48. Ka4 Kb6 49. Bg6 Kxa6 50. Bh5 Kb6 51. Bg6 Kc5 52. Bh5 Kd4 53. Bg6 Ke5 54. Bh5 Kf4 55. Kb5 Bf2 56. Ka4 a6 57. Ka5 1/2-1/2

[Event "*** Titled Tuesday Blitz"]
[Site "Chess.com"]
[Date "2019.03.05"]
[Round "9"]
[White "Siemba"]
[Black "LLRChess"]
[Result "0-1"]
[WhiteElo "2120"]
[BlackElo "2349"]
[TimeControl "180+2"]
[EndTime "15:13:42 PST"]
[Termination "LLRChess won by resignation"]

1. e4 d5 2. exd5 Qxd5 3. Nc3 Qa5 4. d4 Nf6 5. Bc4 Bf5 6. Nf3 e6 7. O-O c6 8. Re1 Nbd7 9. Bf4 Be7 10. h3 O-O 11. Nh4 Bg6 12. Nxg6 hxg6 13. Bg3 Nd5 14.
Nxd5 cxd5 15. Bd3 Qb6 16. Qg4 Qxb2 17. Rab1 Qc3 18. Red1 b6 19. Qe2 Nb8 20. Rb3 Qc8 21. c4 Nc6 22. Qe3 dxc4 23. Bxc4 Na5 24. Bd3 Nxb3 25.
axb3 Bf6 26. Be4 Qd7 27. Bxa8 Rxa8 28. Be5 Rd8 29. Bxf6 gxf6 30. Qf4 Kg7 31. Qe3 Qd5 32. Qc3 e5 33. Ra1 exd4 34. Qd3 a5 35. Ra4 Qc5 36. Rc4 Qe5 37. Rc2 b5 38. Re2 Qc5 39. g3 a4 40.
bxa4 bxa4 41. Rc2 Qd5 42. Rc4 a3 43. Ra4 a2 44. Qd2 d3 45. h4 Qb3 46. Ra7 Qb1+ 47. Kh2 a1=Q 0-1

[Event "*** Titled Tuesday Blitz"]
[Site "Chess.com"]
[Date "2019.03.05"]
[Round "9"]
[White "ChessicallyInclined"]
[Black "Quiet_Desperation"]
[Result "0-1"]
[WhiteElo "2396"]
[BlackElo "2407"]
[TimeControl "180+2"]
[EndTime "15:13:42 PST"]
[Termination "Quiet_Desperation won by resignation"]

1. d4 Nf6 2. c4 e6 3. Nc3 Bb4 4. e3 b6 5. Ne2 Ba6 6. a3 Bxc3+ 7.
Nxc3 d5 8. Qf3 O-O 9. g4 c6 10. g5 Nfd7 11. cxd5 exd5 12. Bxa6 Nxa6 13. h4 Re8 14.
Bd2 Nc7 15. O-O-O b5 16. Rdg1 a5 17. h5 b4 18. Nb1 bxa3 19. Nxa3 Rf8 20. Qg4 Nb5 21.
g6 h6 22. e4 Nxa3 23. Bxh6 f5 24. exf5 gxh6 25. g7 Rf6 26. bxa3 Qe7 27. Rh3 Re8 28. Re3 Qf7 29. Rf3 Re4 30. Qg3 Rxd4 31. Qc7 Rc4+ 32. Kb1 Qe8 33. Re3 Re4 34. Rge1 Qb8+ 35. Qxb8+ Nxb8 36.
Rxe4 dxe4 37. Rxe4 Kxg7 38. Re8 Nd7 39. Re7+ Rf7 40.
Re6 Nf8 41. Rxc6 Rxf5 42. Rc7+ Kf6 43. Rc8 Kg5 44. Ka2 Kxh5 45. Kb3 Kg4 46. Rc4+ Kg5 0-1

[Event "*** Titled Tuesday Blitz"]
[Site "Chess.com"]
[Date "2019.03.05"]
[Round "9"]
[White "Mikhail_Golubev"]
[Black "FrenchandSlav"]
[Result "1/2-1/2"]
[WhiteElo "2451"]
[BlackElo "2295"]
[TimeControl "180+2"]
[EndTime "15:13:43 PST"]
[Termination "Game drawn - insufficient material"]

1. e4 e6 2. d4 d5 3. Nc3 Bb4 4. e5 c5 5. a3 Ba5 6. b4 cxd4 7. Nb5 Bc7 8. f4 Ne7 9. Nf3 Bd7 10. Nxc7+ Qxc7 11. Bd3 Qb6 12. O-O Bb5 13. Bxb5+ Qxb5 14. Nxd4 Qb6 15.
Be3 Qd8 16. f5 Nxf5 17. Rxf5 exf5 18. Nxf5 Nc6 19. Nxg7+ Kd7 20. Qxd5+ Kc7 21. Qxf7+ Qd7 22. Ne6+ Kc8 23. Qxd7+ Kxd7 24. Nc5+ Kc7 25. e6 Rae8 26. Rd1 b6 27. Bf4+ Kc8 28. Rd7 bxc5 29. Rc7+ Kd8 30. Rd7+ Kc8 31. Rc7+ Kd8 32. Rxc6 cxb4 33. Bg5+ Re7 34.
axb4 Rg8 35. Bxe7+ Kxe7 36. Ra6 Rc8 37. Rxa7+ Kxe6 38.
Rxh7 Rxc2 39. Rh4 Kf5 40. g3 Kg5 41. Rf4 Rb2 42. h3 Kh5 43. Kf1 Kg5 44. Ke1 Kh5 45. Kd1 Rg2 46. Rh4+ Kg5 47. Kc1 Kf5 48. b5 Rxg3 49. b6 Rb3 50. Rh6 Kg5 51. Rd6 Rxh3 52. Kc2 Kf5 53. b7 Rh8 54. Kc3 Ke5 55. Rd7 Ke6 56.
Rc7 Rb8 57. Kc4 Kd6 58. Rh7 Kc6 59. Kb4 Rxb7+ 60. Rxb7 Kxb7 1/2-1/2

[Event "*** Titled Tuesday Blitz"]
[Site "Chess.com"]
[Date "2019.03.05"]
[Round "9"]
[White "MikaelyanArman"]
[Black "ASVZ"]
[Result "1-0"]
[WhiteElo "2715"]
[BlackElo "2412"]
[TimeControl "180+2"]
[EndTime "15:13:45 PST"]
[Termination "MikaelyanArman won by resignation"]

1. e4 e6 2. d4 d5 3. Nc3 Bb4 4. Ne2 Nc6 5. a3 Ba5 6. b4 Bb6 7. e5 f6 8. Na4 fxe5 9. Nxb6 axb6 10. dxe5 Nxe5 11. Bb2 Qf6 12. Qc1 Nh6 13. f4 Qh4+ 14. g3 Nf3+ 15. Kf2 Qh5 16. Bxg7 Ng4+ 17. Kg2 Rg8 18. h3 Rxg7 19. hxg4 Qxg4 20. Kf2 Nd4 21. Qe3 Nxc2 22. Qe5 Nxa1 23. Bh3 Qg6 24. f5 Qh6 25.
Qxa1 Bd7 26. Qe5 O-O-O 27. fxe6 Rf8+ 28. Nf4 Rxf4+ 29. Qxf4 Qxf4+ 30. gxf4 Bc6 31. f5 Kd8 32. f6 Rg6 33. f7 Ke7 34. Rc1 d4 35. b5 Rf6+ 36.
Ke1 Bg2 37. Rxc7+ Kd6 38. Rd7+ Ke5 39. Bxg2 Kxe6 40. Bh3+ Ke5 41. Re7+ Kd5 42. Re8 1-0

[Event "*** Titled Tuesday Blitz"]
[Site "Chess.com"]
[Date "2019.03.05"]
[Round "9"]
[White "davidarenas1224"]
[Black "SF-96"]
[Result "1-0"]
[WhiteElo "2526"]
[BlackElo "2558"]
[TimeControl "180+2"]
[EndTime "15:13:49 PST"]
[Termination "davidarenas1224 won by resignation"]

1. e4 e5 2. Nf3 Nc6 3. Bb5 a6 4. Ba4 Nf6 5. O-O b5 6. Bb3 Bc5 7. c3 d6 8. d4 Bb6 9. Re1 O-O 10. a4 Rb8 11. axb5 axb5 12. Na3 Bg4 13. Nxb5 Bxf3 14. gxf3 Nh5 15. dxe5 Qh4 16. Qe2 Nxe5 17. Bd1 Ng6 18.
Nd4 Ngf4 19. Qf1 Bxd4 20. cxd4 f5 21. e5 dxe5 22. dxe5 Rb6 23. e6 Re8 24. Be3 Rexe6 25. Bxb6 Rxe1 26. Bb3+ Re6 27. Bxc7 h6 28. Ra6 Nh3+ 29.
Kg2 N5f4+ 30. Bxf4 Nxf4+ 31. Kh1 Kf7 32. Rxe6 Nxe6 33. Qe2 Qf6 34. Kg2 Ke7 35. Kf1 Kd6 36. Qxe6+ Qxe6 37. Bxe6 Kxe6 38. Ke2 Kd5 39. Kd3 g5 40. b3 h5 41. h3 h4 42. Ke3 Kc5 43.
f4 g4 44. hxg4 fxg4 45. Ke2 h3 46. Kf1 Kd4 47. b4 Kc4 48. f5 Kd5 49. b5 Kc5 50. f6 Kd6 51. b6 1-0

[Event "*** Titled Tuesday Blitz"]
[Site "Chess.com"]
[Date "2019.03.05"]
[Round "9"]
[White "eljanov"]
[Black "SantoBlue"]
[Result "1-0"]
[WhiteElo "2772"]
[BlackElo "2728"]
[TimeControl "180+2"]
[EndTime "15:13:51 PST"]
[Termination "eljanov won by resignation"]

1. e4 e5 2. Nf3 Nc6 3. Bc4 Bc5 4.
d3 Nf6 5. O-O d6 6. c3 a6 7. a4 Ba7 8. Re1 h6 9. Nbd2 O-O 10.
Nf1 Re8 11. Ng3 Be6 12. Bxe6 Rxe6 13. b4 Ne7 14. d4 exd4 15. cxd4 Ng6 16. h3 Qe8 17. Qc2 Qd7 18. d5 Ree8 19. Bb2 Nh7 20. Nf5 Ne5 21. N3d4 c6 22. dxc6 bxc6 23. Rad1 Rad8 24. Kh1 Nf8 25. f4 Neg6 26. Nxg7 Kxg7 27. Nxc6+ Kh7 28. Qc3 f6 29. Nxd8 Qxd8 30. e5 fxe5 31. fxe5 d5 32. Qd3 Qg5 33. Rf1 Ne6 34. Rf7+ Kg8 35.
Rxa7 Nef4 36. Qc2 Qh5 37. Rf1 Ne2 38. Rf3 Nef4 39. Qc7 Ne7 40. Rxf4 Qd1+ 41. Kh2 h5 42.
Qd6 Qd2 43. e6 Ng6 44. Rg7+ Kh8 45. Rxg6+ Qxb2 46. Rf8+ Kh7 1-0

[Event "*** Titled Tuesday Blitz"]
[Site "Chess.com"]
[Date "2019.03.05"]
[Round "9"]
[White "volcanoexplorer"]
[Black "Bad4life"]
[Result "1-0"]
[WhiteElo "2379"]
[BlackElo "2457"]
[TimeControl "180+2"]
[EndTime "15:13:55 PST"]
[Termination "volcanoexplorer won by resignation"]

1. e4 c5 2. Nf3 d6 3. d4 cxd4 4. Nxd4 Nf6 5. Nc3 g6 6. Be3 Bg7 7. f3 O-O 8. Qd2 Nc6 9. O-O-O d5 10. Qe1 e6 11. g4 Qc7 12. g5 Nd7 13. exd5 Nb4 14. Ndb5 Qa5 15. a3 Na6 16. dxe6 fxe6 17. Bc4 Ne5 18. Qe2 Bd7 19. Bd4 Bxb5 20. Bxe6+ Kh8 21.
Qxe5 Qc7 22. Qxg7+ Qxg7 23. Bxg7+ Kxg7 24. Nxb5 Rxf3 25. Rd7+ Kh8 26. Nd6 Nc5 27. Nf7+ Kg7 28. Ne5+ Nxd7 29.
Nxf3 Nc5 30. Bc4 Rc8 31. b3 Ne4 32. Re1 Nc5 33. Re7+ Kf8 34. Rxh7 Rc6 35. Ne5 Rd6 36. h4 Ne4 37. Rh6 Kg7 38. Bf7 Nc3 39. Rxg6+ Rxg6 40. Bxg6 Ne2+ 41. Kd2 Nf4 42. h5 b5 43. h6+ Kh8 44. Ke3 Ne6 45. Be8 Nxg5 46. Nf7+ Nxf7 47. Bxf7 Kh7 48. Be8 a6 49. c4 bxc4 50. bxc4 Kxh6 51.
c5 Kg7 52. c6 Kf8 53. c7 Kxe8 54. c8=Q+ 1-0

[Event "*** Titled Tuesday Blitz"]
[Site "Chess.com"]
[Date "2019.03.05"]
[Round "9"]
[White "politeplayer"]
[Black "1995Tiger"]
[Result "0-1"]
[WhiteElo "2087"]
[BlackElo "2008"]
[TimeControl "180+2"]
[EndTime "15:13:57 PST"]
[Termination "1995Tiger won by resignation"]

1. e4 e6 2. d4 d5 3. exd5 exd5 4. Nf3 Bd6 5. Bd3 Nc6 6. O-O Bg4 7. Re1+ Nge7 8. c3 Qd7 9. b4 Bf5 10. Bxf5 Qxf5 11. b5 Na5 12. Ba3 Nc4 13. Bxd6 Nxd6 14. Qe2 Qe4 15. Qf1 Qf4 16. Nbd2 Ne4 17. g3 Nxd2 18. gxf4 Nxf1 19. Kxf1 f6 20. Re2 Kf7 21. Nh4 Rhe8 22. Rae1 Ng6 23. Nxg6 Rxe2 24. Rxe2 hxg6 25. Kg2 a6 26. a4 axb5 27. axb5 Ra3 28. b6 c6 29. Re3 Rb3 30. Kf3 Rxb6 31. Ke2 Rb2+ 32. Kf3 b5 33. Re1 Rb3 34. Re3 b4 35. cxb4 Rxb4 36. Rc3 Rc4 37. Rxc4 dxc4 38. Ke4 Ke6 39. f3 Kd6 40. h4 Ke6 41. h5 f5+ 42. Ke3 gxh5 0-1

[Event "*** Titled Tuesday Blitz"]
[Site "Chess.com"]
[Date "2019.03.05"]
[Round "9"]
[White "monalize"]
[Black "Al_Shima"]
[Result "1-0"]
[WhiteElo "2329"]
[BlackElo "2431"]
[TimeControl "180+2"]
[EndTime "15:13:57 PST"]
[Termination "monalize won by resignation"]

1. e4 d5 2. exd5 Nf6 3. d4 Nxd5 4. c4 Nb6 5. c5 N6d7 6. Nc3 e5 7. dxe5 Nxc5 8.
Qxd8+ Kxd8 9. Be3 c6 10. O-O-O+ Kc7 11. f4 Bg4 12. Be2 Bf5 13. g4 Bc8 14. Nh3 Be7 15. Nf2 h5 16. gxh5 Bf5 17. Rhg1 Rh7 18. Bg4 Bxg4 19.
Rxg4 Nbd7 20. Rdg1 Bf8 21. Rg5 Re8 22. Rf5 f6 23. Ng4 fxe5 24. fxe5 Nd3+ 25. Kc2 N3xe5 26. Bf4 Bd6 27. Ne4 Nc4 28. Nxd6 Nxd6 29. Rd1 Re6 30.
Bg3 g6 31. hxg6 Rxg6 32. Ne5 Nxe5 33. Rxe5 Kb6 34. Re3 c5 35. Rxd6+ Rxd6 36. Bxd6 Kc6 37. Bg3 Kd5 38. Re2 b5 39. h4 a5 40. Rh2 Rh5 41.
Kd3 c4+ 42. Ke3 b4 43. Kf4 Kd4 44. Kg4 Rh8 45. h5 c3 46. bxc3+ bxc3 47. Bf4 Kd3 48. h6 c2 49. Bg5 Rg8 50. Rh1 Ke2 51. h7 Rh8 52. Kf5 1-0

[Event "*** Titled Tuesday Blitz"]
[Site "Chess.com"]
[Date "2019.03.05"]
[Round "9"]
[White "Korchmar_Vasiliy"]
[Black "Micki-taryan"]
[Result "0-1"]
[WhiteElo "2765"]
[BlackElo "2965"]
[TimeControl "180+2"]
[EndTime "15:13:59 PST"]
[Termination "Micki-taryan won by checkmate"]

1. d4 Nf6 2. c4 e6 3. g3 c5 4.
d5 exd5 5. cxd5 d6 6. Nc3 g6 7.
Bg2 Bg7 8. Nf3 O-O 9. O-O a6 10. a4 Re8 11. Bf4 Nh5 12. Bg5 Qc7 13. Rc1 h6 14.
Bd2 Nd7 15. b4 Nhf6 16. Re1 Ne4 17. Nxe4 Rxe4 18. a5 Qd8 19. Qb3 b5 20. axb6 Qxb6 21.
Qa4 Qb5 22. Qc2 Re8 23. bxc5 Nxc5 24. Bf4 Bf5 25. Qa2 Ne4 26. Bf1 Qd7 27. Rc6 g5 28.
Be3 a5 29. Rec1 Nc5 30. Nd4 Be4 31. Nb5 Bf8 32. Nc7 Rec8 33. Nxa8 Rxa8 34. Bd4 a4 35. Rb6 Qf5 36. Qa3 Bxd5 37. Rxd6 Nb3 38. Rc7 Nxd4 39.
Qc5 Bxd6 40. Qxd6 Qe4 41. f3 Nxf3+ 42. exf3 Qe3+ 43. Kg2 Qxf3+ 44. Kg1 Qe3# 0-1

[Event "*** Titled Tuesday Blitz"]
[Site "Chess.com"]
[Date "2019.03.05"]
[Round "9"]
[White "Arystanner"]
[Black "IIIlllII1llIl"]
[Result "0-1"]
[WhiteElo "2646"]
[BlackElo "2607"]
[TimeControl "180+2"]
[EndTime "15:14:00 PST"]
[Termination "IIIlllII1llIl won by resignation"]

1. e4 e5 2. Nf3 Nc6 3. Bc4 Bc5 4. c3 Nf6 5. d3 d6 6. O-O a6 7. a4 h6 8. Nbd2 O-O 9. h3 Re8 10. Re1 Be6 11. Bxe6 Rxe6 12. b4 Ba7 13. Qb3 d5 14.
Bb2 d4 15. c4 a5 16. b5 Nb8 17. Ba3 Nbd7 18. Qc2 Bc5 19. Nb3 Bxa3 20. Rxa3 c5 21.
Nbd2 Nh5 22. Kh2 g6 23. Nf1 Qe7 24. Ng3 Ng7 25. Raa1 f5 26. exf5 gxf5 27. Re2 Re8 28. Rae1 Qd6 29. Kh1 Kh7 30. Qd2 Qf8 31. Qxa5 Qd6 32.
Qd2 Nf6 33. Nh4 f4 34. Ne4 Nxe4 35. Rxe4 Qe7 36. Nf3 Nf5 37. Qe2 Ne3 38. fxe3 dxe3 39. a5 Rg8 40. Qa2 Rg3 41. a6 bxa6 42. bxa6 Qg7 43.
a7 Reg6 44. Re2 Rxf3 45. a8=Q Rf1+ 46. Kh2 f3 47. gxf3 Rh1+ 0-1

[Event "*** Titled Tuesday Blitz"]
[Site "Chess.com"]
[Date "2019.03.05"]
[Round "9"]
[White "vovachesss"]
[Black "TST2014"]
[Result "0-1"]
[WhiteElo "2570"]
[BlackElo "2522"]
[TimeControl "180+2"]
[EndTime "15:14:00 PST"]
[Termination "TST2014 won by checkmate"]

1. Nf3 Nf6 2. g3 d5 3. Bg2 c5 4. O-O Nc6 5. d4 cxd4 6. Nxd4 e6 7. c4 Bc5 8. Nb3 Be7 9. cxd5 exd5 10. Nc3 Be6 11. Bg5 O-O 12. Rc1 h6 13. Bf4 Rc8 14. Qd2 Bb4 15. a3 Bxc3 16. Qxc3 d4 17. Qd3 Bd5 18. Nc5 Bxg2 19. Kxg2 Qd5+ 20. Qf3 Qxf3+ 21. Kxf3 b6 22. Ne4 Nxe4 23. Kxe4 Rfe8+ 24. Kf3 g5 25. Bd2 Ne5+ 26. Kg2 Nc4 27. Rc2 Rxe2 28.
Rfc1 b5 29. Kh3 Rxf2 30. b3 d3 31. Ra2 f5 32. g4 fxg4+ 33. Kg3 Rf3+ 34. Kg2 Re8 35.
bxc4 Re2+ 36. Kg1 g3 37. hxg3 Rxg3+ 38. Kf1 Rf3+ 39. Kg1 bxc4 40. Rxc4 Rff2 41. Rc8+ Kf7 42. Rc7+ Kg6 43. Rc6+ Kh5 44. Rd6 Rxd2 45. Rxd2 Rxd2 46. a4 a5 47. Rd5 Kg4 48. Rxa5 Kg3 49. Kf1 Rd1# 0-1

[Event "*** Titled Tuesday Blitz"]
[Site "Chess.com"]
[Date "2019.03.05"]
[Round "9"]
[White "Alopekos"]
[Black "Gabrielian_Artur"]
[Result "0-1"]
[WhiteElo "2462"]
[BlackElo "2735"]
[TimeControl "180+2"]
[EndTime "15:14:05 PST"]
[Termination "Gabrielian_Artur won by resignation"]

1. e4 c5 2. Nf3 d6 3. d4 cxd4 4. Nxd4 Nf6 5. Nc3 Nc6 6. Bg5 e6 7. Qd2 a6 8. O-O-O Bd7 9. f4 Be7 10. Nxc6 Bxc6 11. Bd3 h6 12. Bh4 b5 13. e5 dxe5 14.
fxe5 Nd7 15. Bxe7 Qxe7 16. Be4 Nxe5 17. Qd4 Qg5+ 18. Kb1 O-O 19. h4 Qf6 20. Rdf1 Rfd8 21. Qc5 Nd7 22. Qxc6 Qe7 23. Qxa8 Rxa8 24. Bxa8 Nc5 25.
Rd1 b4 26. Ne4 Na4 27. Bc6 Nb6 28. h5 Qc7 29. Rd6 Nc4 30. Rd4 Qxc6 31. Rhd1 Kh7 32. Nd2 Ne3 33. Rc1 a5 34. g4 Qc5 35. Re4 Nd5 36.
Nb3 Qb6 37. Rf1 a4 38. Nc1 a3 39. Rxf7 axb2 40. Kxb2 Nc3 41. Rc4 Qa5 42. a4 Nxa4+ 43. Kb3 Nc3 44. Rxb4 Nb5 45. Kc4 Nd6+ 0-1

[Event "*** Titled Tuesday Blitz"]
[Site "Chess.com"]
[Date "2019.03.05"]
[Round "9"]
[White "tomozupan"]
[Black "wanyaland"]
[Result "0-1"]
[WhiteElo "2220"]
[BlackElo "2157"]
[TimeControl "180+2"]
[EndTime "15:14:08 PST"]
[Termination "wanyaland won by resignation"]

1. d4 d5 2. c4 c6 3. cxd5 cxd5 4. Nc3 Nf6 5. Nf3 Nc6 6. Bf4 Bf5 7. e3 e6 8. Bb5 Nd7 9. Qa4 Rc8 10. Bxc6 Rxc6 11.
Qxa7 Bd3 12. Rd1 Ba6 13. e4 dxe4 14. Nxe4 Be7 15. Nc5 Nxc5 16. dxc5 Qa5+ 17. Bd2 Qxc5 18.
Qxc5 Bxc5 19. Ne5 Rc8 20. Bc3 f6 21. Nd3 Ba7 22. Rd2 O-O 23. O-O e5 24. Rfd1 Rfd8 25. Nb4 Rxd2 26. Rxd2 Bc4 27. h3 Bc5 28. a3 h5 29. Rd7 b5 30. Nd5 Kf8 31. Ne3 Be6 32. Rb7 Bxa3 33. Rxb5 Bc5 34. Nd1 Kf7 35. Ne3 Bf8 36.
Rb7+ Kg8 37. g4 hxg4 38. hxg4 Ra8 39. Nf5 Ra1+ 40. Kh2 Bxf5 41. gxf5 Ra4 42. b4 Ra3 43.
Bd2 Rf3 44. Be3 Rxf5 45. b5 e4 46. Rb8 Kf7 47. b6 Bd6+ 48. Kh3 Bxb8 0-1

[Event "*** Titled Tuesday Blitz"]
[Site "Chess.com"]
[Date "2019.03.05"]
[Round "9"]
[White "UCantHandleDenker"]
[Black "MishkaFighter"]
[Result "0-1"]
[WhiteElo "2544"]
[BlackElo "2378"]
[TimeControl "180+2"]
[EndTime "15:14:09 PST"]
[Termination "MishkaFighter won by resignation"]

1. Nf3 g6 2. g3 Bg7 3. Bg2 c5 4. O-O Nc6 5. d3 e6 6. Nbd2 Nge7 7. e4 O-O 8. Re1 d5 9. h4 h6 10. a4 b6 11. c3 Ba6 12. Bf1 Qd7 13. e5 Rac8 14.
Nb1 f6 15. exf6 Rxf6 16. Bg2 Rcf8 17. Na3 e5 18. Nb5 Qg4 19. Nc7 Bxd3 20. Nxd5 Rxf3 21. Ne3 Qe4 22. Bxf3 Rxf3 23. Ng2 Qf5 24. Ne3 Qd7 25. Qxf3 e4 26. Qg2 Ne5 27. Rd1 Nf3+ 28. Kh1 Nc6 29.
Nf1 Nce5 30. Bf4 Qg4 31. Bxe5 Bxe5 32. Nh2 Qf5 33. Nxf3 exf3 34. Qg1 Be4 35. Qh2 c4 36. Re1 Qg4 37. Rad1 Kf7 38. Kg1 h5 39. Re3 Bg7 40.
Rde1 Bc6 41. Re7+ Kf8 42. R7e3 Kf7 43. Qh1 Bh6 44. Re7+ Kf8 45. Kh2 Bf4 46. Qf1 Qxh4+ 47. Kg1 Bxg3 48. Re8+ Bxe8 49. Rxe8+ Kxe8 50. Qe1+ Qe7 51. fxg3 Qxe1+ 0-1

[Event "*** Titled Tuesday Blitz"]
[Site "Chess.com"]
[Date "2019.03.05"]
[Round "9"]
[White "Vugar_Manafov"]
[Black "Pechen_Yeltsina"]
[Result "0-1"]
[WhiteElo "2405"]
[BlackElo "2652"]
[TimeControl "180+2"]
[EndTime "15:14:17 PST"]
[Termination "Pechen_Yeltsina won by resignation"]

1. Nf3 g6 2. g3 Bg7 3. d4 d6 4.
Bg2 Nd7 5. O-O e5 6. dxe5 dxe5 7.
e4 Ngf6 8. Nbd2 O-O 9. c3 a5 10. Qc2 a4 11. Rd1 c6 12. Nc4 Ne8 13. Be3 Qc7 14. Qd2 b5 15. Nd6 Nef6 16. Nxc8 Rfxc8 17. Qd6 Qxd6 18. Rxd6 Bf8 19. Rd2 Bc5 20. Bxc5 Nxc5 21. Nxe5 Nfxe4 22. Re2 f5 23. Bxe4 Nxe4 24. Rd1 a3 25. f3 Nf6 26. Rd6 axb2 27. Rxb2 Kg7 28. Rxc6 Rxc6 29. Nxc6 Rc8 30. Nd4 Rxc3 31. Rxb5 Rd3 32.
Ne6+ Kh6 33. Rb3 Rd1+ 34. Kg2 Rd2+ 35. Kh3 Rxa2 36. g4 fxg4+ 37. fxg4 Ne4 38. Re3 Ra4 39. Kh4 g5+ 40. Kh3 Nf2+ 41. Kg3 Nxg4 42. Rb3 Nf6 43. Rb6 Kg6 44. Nc5 Ra3+ 45. Kg2 Kf5 46. Rb5 Ng4 47.
Nd7+ Kg6 48. Nf8+ Kh6 49. Rb6+ Kg7 50. Ne6+ Kf6 51. Nc5+ Kf5 52. Rb5 Ra2+ 53. Kg3 Nxh2 54. Nd3+ Kg6 55. Ne5+ Kh5 56. Nf7 h6 57. Rb6 Nf1+ 58.
Kf3 g4+ 59. Kf4 Rf2+ 60. Ke4 Rxf7 61. Rb2 g3 62. Rg2 Kg4 63. Rg1 h5 64. Rh1 h4 65. Rg1 Rf2 66. Kd3 h3 67. Rh1 h2 68.
Kc4 Kh3 69. Kd5 Kg2 70. Rg1+ hxg1=Q 0-1

[Event "*** Titled Tuesday Blitz"]
[Site "Chess.com"]
[Date "2019.03.05"]
[Round "9"]
[White "Stephenzinho"]
[Black "LukasHandler"]
[Result "0-1"]
[WhiteElo "2356"]
[BlackElo "2413"]
[TimeControl "180+2"]
[EndTime "15:14:17 PST"]
[Termination "LukasHandler won by resignation"]

1. e4 c5 2. Nf3 d6 3. Nc3 e5 4. Bc4 Be7 5. d3 Nf6 6. O-O O-O 7. Ng5 h6 8. Nh3 Nc6 9. f4 Bg4 10. Qd2 Bxh3 11. gxh3 Nh5 12. f5 Bg5 13. Qg2 Bxc1 14. Raxc1 Qg5 15. Nd5 Nd4 16. Kh1 Qxg2+ 17. Kxg2 Kh7 18.
a4 a6 19. a5 Nc6 20. Ra1 Rae8 21. Nc7 Rd8 22. Nd5 Rd7 23. Nb6 Rdd8 24. Bd5 Nf4+ 25. Kg3 Nb4 26. Bxb7 Nxc2 27. Bxa6 Nxa1 28. Rxa1 g6 29.
f6 Ne2+ 30. Kf2 Nd4 31. Bc4 Nc6 32. Bd5 Na7 33. Nc4 g5 34. h4 Kg6 35. Ra3 Kxf6 36. Rb3 Rb8 37. Rb6 Rxb6 38. axb6 Nb5 39. hxg5+ hxg5 40.
Bc6 Nd4 41. Bd7 Ke7 42. Ba4 Rb8 43. Kg3 Ke6 44. Kg4 f6 45. b3 d5 46. exd5+ Kxd5 47. Bd7 Nxb3 48. Kf5 Nd4+ 49. Kxf6 e4 50. Ne3+ Kd6 51.
Bg4 exd3 52. Nc4+ Kd5 0-1

[Event "*** Titled Tuesday Blitz"]
[Site "Chess.com"]
[Date "2019.03.05"]
[Round "9"]
[White "AdrianaNikolova"]
[Black "LearningChess2019"]
[Result "0-1"]
[WhiteElo "2426"]
[BlackElo "2384"]
[TimeControl "180+2"]
[EndTime "15:14:20 PST"]
[Termination "LearningChess2019 won by checkmate"]

1. e4 c5 2. Nf3 d6 3. d4 cxd4 4.
Nxd4 Nf6 5. Nc3 a6 6. Bg5 e6 7. f4 h6 8. Bxf6 Qxf6 9. Qd2 Nc6 10. Nf3 Qd8 11. O-O-O Qc7 12. Bc4 Be7 13. Bb3 b5 14. Kb1 Na5 15. Nd5 exd5 16. Qxd5 Nxb3 17. Qxa8 Nc5 18. e5 dxe5 19. Nxe5 O-O 20. Qc6 Qa5 21. Qf3 Be6 22. a3 Bf6 23. Nc6 Qa4 24. f5 Bc4 25.
Qe3 Ne4 26. Nb4 a5 27. Nd3 Ng5 28. Nc5 Ba2+ 29. Kxa2 Qc4+ 30. Kb1 Rc8 31. Nd3 Qxc2+ 32.
Ka1 Qb3 33. Kb1 Bxb2 34. Nxb2 Qxe3 35. Ka2 Qe5 36. h4 Ne4 37. Rb1 Nc3+ 38. Ka1 b4 39. Rbe1 Qf6 40. g4 bxa3 41. Nd3 Na4+ 42. Ne5 Qb6 43. Rh2 Qd4+ 44. Ka2 Rb8 45. Kxa3 Qb4+ 46. Ka2 Qb3+ 47. Ka1 Qa3+ 48. Ra2 Qc3+ 49. Rb2 Qxb2# 0-1

[Event "*** Titled Tuesday Blitz"]
[Site "Chess.com"]
[Date "2019.03.05"]
[Round "9"]
[White "nikitakhoroshev"]
[Black "MathiasWomacka"]
[Result "0-1"]
[WhiteElo "2591"]
[BlackElo "2282"]
[TimeControl "180+2"]
[EndTime "15:14:22 PST"]
[Termination "MathiasWomacka won by resignation"]

1. e4 c5 2. Nf3 d6 3. d4 cxd4 4. Qxd4 Nc6 5. Bb5 Bd7 6. Bxc6 Bxc6 7. c4 Nf6 8. Nc3 g6 9. O-O Bg7 10. Qd3 O-O 11. Re1 a6 12. Nd4 Qc7 13. b3 Rac8 14. Bb2 Bd7 15. Rac1 Qb8 16. f3 Rfd8 17. Rcd1 Be8 18.
Nd5 Nxd5 19. exd5 b5 20. cxb5 Bxb5 21. Qd2 Qb7 22. Nxb5 axb5 23. Bxg7 Kxg7 24. Qd4+ Kg8 25. Qe3 Re8 26. h4 Rc5 27. Qe4 Qa7 28. Kh2 Qxa2 29. Ra1 Qxb3 30. Ra7 Qxd5 31. Qxd5 Rxd5 32. Rexe7 Rxe7 33. Rxe7 h5 34. Rb7 Kg7 35. Kg3 Kf6 36. Kf4 Rd4+ 37.
Ke3 Rb4 38. f4 Rb2 39. g3 Rb3+ 40. Ke4 Rxg3 41. Rxb5 Rg4 42. Rb6 Ke6 43. Rb8 Rxh4 44. Re8+ Kf6 45. Rd8 Ke7 46. Rg8 Rh1 47. Rh8 Re1+ 48.
Kf3 Ra1 49. Rc8 Ra3+ 50. Ke4 Ra4+ 51. Kd5 Rxf4 52. Rc7+ Kf6 53. Kxd6 Rd4+ 0-1

[Event "*** Titled Tuesday Blitz"]
[Site "Chess.com"]
[Date "2019.03.05"]
[Round "9"]
[White "bluejay1897"]
[Black "Denis_Palkovich"]
[Result "0-1"]
[WhiteElo "2148"]
[BlackElo "2256"]
[TimeControl "180+2"]
[EndTime "15:14:29 PST"]
[Termination "Denis_Palkovich won by resignation"]

1. Nf3 d5 2. g3 Bf5 3. Bg2 e6 4. b3 Nf6 5. Bb2 Be7 6. c4 c6 7. d3 h6 8. Nbd2 O-O 9. O-O Nbd7 10. Qe1 Bh7 11. d4 Ne4 12. Nxe4 Bxe4 13. Qc3 a5 14. a3 f5 15. Bh3 g5 16. Nd2 g4 17.
Bxg4 fxg4 18. Nxe4 dxe4 19. Qe3 Bg5 20. Qxe4 Qf6 21.
Qxg4 Qf5 22. Qh5 Nf6 23. Qf3 Qxf3 24. exf3 Nd7 25. Kg2 Bf6 26. Rab1 c5 27. dxc5 Bxb2 28.
Rxb2 Nxc5 29. b4 axb4 30. axb4 Nd3 31. Rb3 Ne5 32. Re1 Nxc4 33. Rxe6 Kg7 34. Rc3 b5 35. Rd3 Rad8 36. Re7+ Kf6 37. Red7 Rxd7 38. Rxd7 Rb8 39. f4 Ke6 40. Rh7 Kd5 41. Rxh6 Nb2 42. g4 Nd3 43. Kf3 Nxb4 44. g5 Nc6 45. g6 Nd4+ 46. Kg4 b4 47. g7 Rg8 48. Rb6 Rxg7+ 49. Kh5 Kc5 50. Rb8 Rf7 51. Kg5 Ne6+ 52. Kg6 Rxf4 53. f3 Rxf3 54.
h4 b3 55. h5 Nf4+ 56. Kg5 Nxh5 57. Kxh5 Kc4 58. Kg4 Rf7 59. Rc8+ Kd3 60. Rb8 Kc2 0-1

[Event "*** Titled Tuesday Blitz"]
[Site "Chess.com"]
[Date "2019.03.05"]
[Round "9"]
[White "champ2005"]
[Black "Supernotar"]
[Result "1-0"]
[WhiteElo "2781"]
[BlackElo "2522"]
[TimeControl "180+2"]
[EndTime "15:14:40 PST"]
[Termination "champ2005 won by checkmate"]

1. e4 c6 2. d4 d5 3. e5 Bf5 4.
Nf3 e6 5. c3 Nd7 6. Be2 Ne7 7.
O-O h6 8. a4 Qc7 9. a5 a6 10.
b4 g5 11. Nbd2 Bg7 12. Nb3 f6 13. exf6 Bxf6 14. Bd3 O-O-O 15. Bxf5 exf5 16. Ne1 Rde8 17. Nd3 Ng6 18. f4 Rhg8 19. fxg5 Bxg5 20. Bxg5 hxg5 21. Rxf5 Nh4 22. Rf7 Rh8 23. Qg4 Re4 24. Qxd7+ Qxd7 25. Rxd7 Rg4 26. Rf7 Rxg2+ 27. Kf1 Rxh2 28. Rf2 Rh1+ 29. Ke2 Re8+ 30. Kd2 Rh3 31. Raf1 g4 32. Rf8 Rxf8 33. Rxf8+ Kd7 34. Ne5+ Ke7 35. Rf7+ Ke8 36. Rg7 g3 37.
Nc1 Rh2+ 38. Ne2 g2 39. Kd3 Rh1 40. Rg8+ Ke7 41. Rg3 Re1 42. Kd2 Rf1 43. Ng4 Ke6 44. Ne3 Nf3+ 45. Kd3 g1=Q 46. Nxg1 Nxg1 47. Nxf1 Nf3 48.
Rxf3 Kd7 49. Nd2 Kc7 50. Nb3 Kb8 51. Rf7 b5 52. axb6 a5 53. bxa5 c5 54. Nxc5 Kc8 55. a6 Kd8 56. a7 Ke8 57. Rc7 Kf8 58. a8=Q# 1-0